[Event "Titled Tuesday Blitz August 31 2021"]
[White "Barrionuevo, Pablo"]
[Black "Siniauski, Artsiom"]
[WhiteFideId "110566"]
[BlackFideId "13512269"]
[WhiteElo "2250"]
[BlackElo "2210"]
[Result "0-1"]
[Round "11"]
[TimeControl "180+1"]
[Date "2021.08.31"]
[WhiteClock "0:00:10"]
[BlackClock "0:00:37"]

1. d4 Nf6 2. c4 e6 3. Nf3 b6 4. a3 Bb7 5. Nc3 d5 6. cxd5 Nxd5 7. e4 Nxc3 8. bxc3 Bxe4 9. Ne5 Qh4 10. Bb5+ c6 11. g3 Qd8 12. f3 cxb5 13. fxe4 Bd6 14. Nf3 O-O 15. O-O Nc6 16. Qd3 a6 17. Be3 Na5 18. e5 Be7 19. h4 Rc8 20. Ng5 Bxg5 21. Bxg5 Qc7 22. Rf3 Qc4 23. Qe4 Qd5 24. Qg4 h5 25. Qxh5 Rxc3 26. Rxc3 Qxd4+ 27. Re3 Qxa1+ 28. Kg2 Nc4 29. Re2 Nxe5 30. Be7 Re8 31. Qg5 Ng6 32. Bd6 Qd4 33. Rd2 Qe4+ 34. Kh2 f6 35. Qh5 Rd8 36. Re2 Qf5 37. Qxf5 exf5 38. Bc7 Rd3 39. Bxb6 Rxa3 40. Re8+ Kh7 41. Bc5 Ra2+ 42. Kh3 Ne5 43. h5 Ng4 44. Bg1 b4 45. Rb8 a5 46. h6 Kxh6 47. Rh8+ Kg6 48. Rb8 Ra3 49. Kh4 b3 50. Rb7 a4 51. Bc5 Ra2 52. Kh3 Rh2# 0-1


[Site "https://www.chess.com"]

[Event "Titled Tuesday Blitz August 31 2021"]
[White "Baskin, Robert"]
[Black "Nazaretyan, Tigran"]
[WhiteFideId "24662402"]
[BlackFideId "24162345"]
[WhiteElo "2462"]
[BlackElo "2167"]
[Result "1-0"]
[Round "11"]
[TimeControl "180+1"]
[Date "2021.08.31"]
[WhiteClock "0:00:30"]
[BlackClock "0:00:53"]

1. e4 c5 2. Nf3 Nc6 3. d4 cxd4 4. Nxd4 Nf6 5. Nc3 d6 6. Bg5 e6 7. Qd2 a6 8. O-O-O Bd7 9. f3 b5 10. Nxc6 Bxc6 11. Kb1 Be7 12. Bd3 Qc7 13. Ne2 Rb8 14. Nd4 Bd7 15. h4 h5 16. Rhe1 a5 17. Bf1 b4 18. f4 a4 19. e5 dxe5 20. fxe5 Nd5 21. Bxe7 Nxe7 22. Qg5 a3 23. Qxg7 Rg8 24. Qh7 axb2 25. Be2 Rxg2 26. Rf1 Nf5 27. Rxf5 exf5 28. e6 Bxe6 29. Nxe6 Qe5 30. Bxh5 Rb7 31. Rd8+ Ke7 32. Qxf7# 1-0


[Site "https://www.chess.com"]

[Event "Titled Tuesday Blitz August 31 2021"]
[White "Begunov, Konstantin"]
[Black "Zherebtsova, Alexandra"]
[WhiteFideId "4118510"]
[BlackFideId "24129518"]
[WhiteElo "2262"]
[BlackElo "2025"]
[Result "0-1"]
[Round "11"]
[TimeControl "180+1"]
[Date "2021.08.31"]
[WhiteClock "0:00:01"]
[BlackClock "0:00:04"]

1. d4 d5 2. c4 c6 3. Nc3 Nf6 4. Nf3 e6 5. cxd5 exd5 6. Bg5 Be7 7. Qc2 g6 8. e3 Bf5 9. Bd3 Bxd3 10. Qxd3 O-O 11. O-O Re8 12. Bf4 Nbd7 13. Rab1 a5 14. h3 Nb6 15. Rfe1 Bd6 16. Ne5 Qe7 17. f3 Nfd7 18. Nxd7 Qxd7 19. Bxd6 Qxd6 20. e4 f6 21. Re3 Rad8 22. Rbe1 Kg7 23. e5 fxe5 24. dxe5 Qc5 25. Kh1 d4 26. Ne4 Qxe5 27. R3e2 Qf5 28. Qb3 Qb5 29. Qc2 Nd5 30. Rd2 Ne3 31. Qc1 Qe5 32. Nc5 b6 33. Nd3 Qe6 34. b3 c5 35. f4 Qd5 36. Rf2 Rf8 37. Ne5 Rde8 38. Qb2 g5 39. Ng4 Nxg4 40. hxg4 Rxe1+ 41. Kh2 Rxf4 42. Qd2 Ree4 43. Rf3 Rxf3 44. gxf3 Qe5+ 45. Kg1 Re2 46. Qd3 Qh2+ 47. Kf1 Qg2# 0-1


[Site "https://www.chess.com"]

[Event "Titled Tuesday Blitz August 31 2021"]
[White "Bernadskiy, Vitaliy"]
[Black "Naroditsky, Daniel"]
[WhiteFideId "14100371"]
[BlackFideId "2026961"]
[WhiteElo "2510"]
[BlackElo "2608"]
[Result "1-0"]
[Round "11"]
[TimeControl "180+1"]
[Date "2021.08.31"]
[WhiteClock "0:00:03"]
[BlackClock "0:00:03"]

1. e4 c6 2. d4 d5 3. exd5 cxd5 4. Bd3 Nf6 5. h3 Nc6 6. c3 e5 7. dxe5 Nxe5 8. Nf3 Nxd3+ 9. Qxd3 Bd6 10. O-O O-O 11. Bg5 h6 12. Bh4 Be6 13. Nbd2 Re8 14. Nd4 Be7 15. Nxe6 fxe6 16. Rae1 Qb6 17. Nb3 Ne4 18. Bxe7 Rxe7 19. Qe3 Qd6 20. Nd4 Rf8 21. c4 Ref7 22. Nxe6 Qxe6 23. cxd5 Qxd5 24. Qxe4 Qxa2 25. Qd4 a6 26. Re2 Qb3 27. Rfe1 a5 28. Rd2 a4 29. Re3 Qa2 30. Ra3 Qb1+ 31. Rd1 Qc2 32. Rd2 Qc1+ 33. Rd1 Qc2 34. Rd2 Qc1+ 35. Rd1 Qg5 36. Rg3 Qf5 37. Rf3 Qb5 38. Rxf7 Rxf7 39. Re1 Qc6 40. Re3 b5 41. Rc3 Qe6 42. Re3 Qc6 43. Rc3 Qb7 44. Re3 Qb8 45. Qc5 Kh8 46. Qc6 Rf8 47. Qe4 b4 48. Rd3 Qb6 49. Qe3 Qc6 50. Rd4 b3 51. Qd3 a3 52. Qxb3 Qc1+ 53. Kh2 axb2 54. Rb4 Qc7+ 55. Qg3 Qc1 56. Qb3 Rxf2 57. Rb8+ Kh7 58. Qd3+ g6 59. Qd7+ Rf7 60. Qxf7# 1-0


[Site "https://www.chess.com"]

[Event "Titled Tuesday Blitz August 31 2021"]
[White "Borsuk, Konstantin"]
[Black "Rustemov, Alexander"]
[WhiteFideId "14113406"]
[BlackFideId "4119002"]
[WhiteElo "2382"]
[BlackElo "2762"]
[Result "1/2-1/2"]
[Round "11"]
[TimeControl "180+1"]
[Date "2021.08.31"]
[WhiteClock "0:00:06"]
[BlackClock "0:00:15"]

1. d4 d5 2. c4 e6 3. Nc3 Be7 4. Bf4 Nf6 5. Nf3 O-O 6. e3 b6 7. cxd5 Nxd5 8. Nxd5 exd5 9. Bd3 c5 10. h3 c4 11. Bc2 Nc6 12. O-O Be6 13. b3 b5 14. a4 a6 15. axb5 axb5 16. bxc4 bxc4 17. Rxa8 Qxa8 18. Qb1 h6 19. Ne5 Rb8 20. Qd1 Rb2 21. g4 Nxe5 22. Bxe5 Qa2 23. Bb1 Qb3 24. Qxb3 Rxb3 25. Bc2 Rb2 26. Ba4 h5 27. gxh5 Bxh3 28. Ra1 Bh4 29. Kh2 Bf5 30. Bg3 Bxg3+ 31. Kxg3 c3 32. Rc1 c2 33. Kf4 Rb1 34. Bxc2 Rxc1 35. Bxf5 Rh1 36. Bg4 Kf8 37. Bf3 Rf1 38. Kg3 Rg1+ 39. Kf4 Ke7 40. Bxd5 f6 41. Be4 Rg5 42. Bg6 Kd6 43. f3 Ra5 44. Ke4 Ra1 45. Kf4 Kd5 46. Bf7+ Kd6 47. Bg6 Ra5 48. Bf7 Rg5 49. Bg6 Ke7 50. Ke4 Rg1 51. Kf4 Ra1 52. Ke4 Ra3 53. Kf4 Kd6 54. Ke4 Kc6 55. Kf4 Kd5 56. Bf7+ Kd6 57. Bg6 Ra5 1/2-1/2


[Site "https://www.chess.com"]

[Event "Titled Tuesday Blitz August 31 2021"]
[White "Boyer, Mahel"]
[Black "Tokman, Ariel"]
[WhiteFideId "45102422"]
[BlackFideId "117420"]
[WhiteElo "2328"]
[BlackElo "2345"]
[Result "1-0"]
[Round "11"]
[TimeControl "180+1"]
[Date "2021.08.31"]
[WhiteClock "0:00:17"]
[BlackClock "0:00:03"]

1. e4 d6 2. g3 Nf6 3. Bg2 e5 4. Ne2 Be7 5. O-O O-O 6. d4 Nbd7 7. h3 c6 8. c4 exd4 9. Nxd4 Nc5 10. Nc3 a5 11. Be3 Re8 12. Qc2 Qc7 13. Rad1 Bd7 14. Rfe1 Rad8 15. Bf4 Bc8 16. e5 dxe5 17. Bxe5 Qb6 18. Nf5 Bxf5 19. Qxf5 Rxd1 20. Rxd1 Ne6 21. Ne4 Nxe4 22. Bxe4 g6 23. Qg4 Bc5 24. Rd2 Bd4 25. Bd6 Qd8 26. Be5 Qb6 27. Bd6 c5 28. Bf4 Nxf4 29. Qxf4 Qe6 30. Bxb7 Qe1+ 31. Kg2 Kg7 32. Bd5 Re7 33. Rd3 Qe5 34. Qxe5+ Rxe5 35. Rb3 Re2 36. Rf3 f5 37. g4 fxg4 38. hxg4 Rxb2 39. g5 h5 40. Rf7+ Kh8 41. Rf8+ Kg7 42. Rf7+ Kh8 43. Kg3 Rxa2 44. Rf8+ Kg7 45. Re8 Ra1 46. f4 h4+ 47. Kxh4 Rg1 48. Re7+ Kf8 49. Re6 Kg7 50. Ra6 Bf2+ 51. Kh3 Rg3+ 52. Kh2 Rc3 53. Kg2 Bg3 54. Ra7+ Kf8 55. Rf7+ Ke8 56. Rf6 Be1 57. Rxg6 a4 58. Re6+ Kd7 59. Rxe1 a3 60. g6 1-0


[Site "https://www.chess.com"]

[Event "Titled Tuesday Blitz August 31 2021"]
[White "Brunello, Marina"]
[Black "Dronavalli, Harika"]
[WhiteFideId "822590"]
[BlackFideId "5015197"]
[WhiteElo "2328"]
[BlackElo "2422"]
[Result "0-1"]
[Round "11"]
[TimeControl "180+1"]
[Date "2021.08.31"]
[WhiteClock "0:00:15"]
[BlackClock "0:00:33"]

1. e4 c5 2. Nf3 d6 3. d4 cxd4 4. Nxd4 Nf6 5. Nc3 g6 6. Be3 Bg7 7. f3 Nc6 8. Qd2 O-O 9. O-O-O d5 10. Kb1 e5 11. Nxc6 bxc6 12. exd5 cxd5 13. Nxd5 Rb8 14. Bc5 Nxd5 15. Bxf8 Nc3+ 16. Ka1 Qxf8 17. bxc3 e4 18. Rb1 Be6 19. Rb3 Rd8 20. Qe1 Bxb3 21. axb3 Qa3+ 22. Kb1 Bxc3 0-1


[Site "https://www.chess.com"]

[Event "Titled Tuesday Blitz August 31 2021"]
[White "Brunner, Nicolas"]
[Black "Hryshchenko, Kamila"]
[WhiteFideId "620246"]
[BlackFideId "14147491"]
[WhiteElo "2372"]
[BlackElo "1936"]
[Result "0-1"]
[Round "11"]
[TimeControl "180+1"]
[Date "2021.08.31"]
[WhiteClock "0:00:04"]
[BlackClock "0:00:05"]

1. d4 g6 2. e4 Bg7 3. Nc3 d6 4. Be3 Nf6 5. Qd2 c6 6. Bh6 Bxh6 7. Qxh6 Qa5 8. Bd3 b5 9. Qd2 Nbd7 10. Nge2 e5 11. dxe5 dxe5 12. O-O O-O 13. a4 b4 14. Nd1 Nc5 15. f3 Be6 16. Qg5 Ncd7 17. Ne3 Qc5 18. Kh1 Kg7 19. Nf5+ Bxf5 20. exf5 Nb6 21. Ng3 h6 22. Qh4 g5 23. Nh5+ Nxh5 24. Qxh5 Nd5 25. g3 Nf6 26. Qh3 Rad8 27. Rae1 b3 28. Qg2 Rd4 29. f4 e4 30. fxg5 hxg5 31. Bxe4 Rh8 32. c3 Rxa4 33. Bxc6 Ra2 34. Be4 Ra4 35. Bb1 Ra6 36. Qd2 Rh5 37. h4 Rd6 38. Qg2 gxh4 39. g4 Rg5 40. Rf4 Qb6 41. Rb4 Qd8 42. Qh3 Rd2 43. Qxh4 Nxg4 44. f6+ Qxf6 45. Rxg4 Qf3+ 0-1


[Site "https://www.chess.com"]

[Event "Titled Tuesday Blitz August 31 2021"]
[White "Chernomordik, Pavel"]
[Black "Bilan, Danila"]
[WhiteFideId "2804530"]
[BlackFideId "24161918"]
[WhiteElo "2256"]
[BlackElo "2164"]
[Result "1-0"]
[Round "11"]
[TimeControl "180+1"]
[Date "2021.08.31"]
[WhiteClock "0:00:44"]
[BlackClock "0:00:03"]

1. e4 c6 2. Nc3 d5 3. Qf3 d4 4. Bc4 e6 5. Nce2 c5 6. Qg3 g6 7. a3 Nc6 8. f4 Bg7 9. Nf3 Nf6 10. d3 O-O 11. Bd2 a6 12. h3 b5 13. Ba2 c4 14. e5 c3 15. bxc3 dxc3 16. Nxc3 Nd5 17. Ne4 Qb6 18. Qf2 Qc7 19. h4 Nce7 20. c4 bxc4 21. dxc4 Nb6 22. Ba5 Qc6 23. Nf6+ Bxf6 24. exf6 Nf5 25. Bxb6 Qe4+ 26. Kf1 Qxf4 27. Rh3 Bb7 28. Re1 Rac8 29. Ne5 Qxf2+ 30. Kxf2 Rfd8 31. Bxd8 Rxd8 32. g4 Rd2+ 33. Re2 Rxe2+ 34. Kxe2 Nd4+ 35. Kd3 Nc6 36. Nxc6 Bxc6 37. Kd4 h6 38. Ke5 Kh7 39. Rd3 g5 40. h5 a5 41. Rd8 a4 42. Bb1+ 1-0


[Site "https://www.chess.com"]

[Event "Titled Tuesday Blitz August 31 2021"]
[White "Dang, Hoang Son"]
[Black "Przybylski, Wojciech"]
[WhiteFideId "12402435"]
[BlackFideId "1117599"]
[WhiteElo "2248"]
[BlackElo "2250"]
[Result "1-0"]
[Round "11"]
[TimeControl "180+1"]
[Date "2021.08.31"]
[WhiteClock "0:00:35"]
[BlackClock "0:00:01"]

1. d4 Nf6 2. c4 e6 3. Nf3 b6 4. g3 Ba6 5. Qa4 Bb7 6. Bg2 Be7 7. O-O O-O 8. Rd1 d6 9. Nc3 Nbd7 10. Bf4 h6 11. Ne1 Qc8 12. e4 e5 13. Be3 Ng4 14. Nd5 Bd8 15. Bh3 h5 16. f3 c6 17. fxg4 b5 18. cxb5 cxd5 19. Rac1 Nb6 20. Qb3 Qd7 21. dxe5 dxe5 22. exd5 Bxd5 23. Qb4 Qe6 24. Nd3 Be7 25. Bc5 Bg5 26. Rc2 Rfd8 27. Re1 Qf6 28. Rf2 Qh6 29. Nxe5 Be6 30. Bg2 Rac8 31. Nc6 Re8 32. h4 Bf6 33. g5 Bxg5 34. hxg5 Qxg5 35. Ne7+ Rxe7 36. Bxe7 Qxg3 37. Bh4 Qg6 38. b3 Nd5 39. Qd4 Kh8 40. Kh2 Nb6 41. Rg1 Qh6 42. Bc6 1-0


[Site "https://www.chess.com"]

[Event "Titled Tuesday Blitz August 31 2021"]
[White "Degenbaev, Aziz"]
[Black "Gerzhoy, Leonid"]
[WhiteFideId "13802640"]
[BlackFideId "2806126"]
[WhiteElo "1906"]
[BlackElo "2582"]
[Result "1/2-1/2"]
[Round "11"]
[TimeControl "180+1"]
[Date "2021.08.31"]
[WhiteClock "0:02:08"]
[BlackClock "0:01:45"]

1. e4 d6 2. d4 Nf6 3. Nc3 e5 4. Nf3 Nc6 5. Bc4 Bg4 6. d5 Nd4 7. Be2 Nxe2 8. Qxe2 Be7 9. h3 Bxf3 10. Qxf3 O-O 11. Be3 c5 12. dxc6 bxc6 13. O-O d5 14. exd5 cxd5 15. Rfd1 d4 16. Ne4 Nxe4 17. Qxe4 Qb6 18. Bxd4 exd4 19. Qxe7 Qxb2 20. Qe4 Rfe8 21. Qxd4 Qxc2 22. a4 h6 23. Rac1 Qb3 24. Rc7 a5 25. Rd3 Qe6 26. Rg3 Qe5 27. Qc4 Qe6 1/2-1/2


[Site "https://www.chess.com"]

[Event "Titled Tuesday Blitz August 31 2021"]
[White "Dobrov, Vladimir"]
[Black "Shimelkov, Vasiliy"]
[WhiteFideId "4136594"]
[BlackFideId "13701630"]
[WhiteElo "2614"]
[BlackElo "2073"]
[Result "0-1"]
[Round "11"]
[TimeControl "180+1"]
[Date "2021.08.31"]
[WhiteClock "0:00:02"]
[BlackClock "0:00:09"]

1. d4 d5 2. c4 e6 3. Nc3 Be7 4. Nf3 Nf6 5. Bg5 h6 6. Bh4 O-O 7. e3 b6 8. Bxf6 Bxf6 9. cxd5 exd5 10. Bd3 c5 11. dxc5 Bxc3+ 12. bxc3 bxc5 13. Qa4 Nd7 14. O-O Nb6 15. Qa5 Qe7 16. h3 Be6 17. Rab1 Rfd8 18. Rfd1 Rac8 19. Qa6 Rc7 20. Rb2 Rdc8 21. Qa3 Qf6 22. Be2 d4 23. cxd4 c4 24. Rc2 Bf5 25. Rcc1 c3 26. Ba6 c2 27. Rd2 Rc3 28. Qb2 R8c7 29. Be2 Na4 30. Qb8+ Kh7 31. Ne1 Qe6 32. Bd3 Bxd3 33. Nxd3 Qxa2 34. Nc5 Nxc5 35. Qxc7 Ne4 36. Qxc3 Nxc3 37. Rcxc2 Qa1+ 38. Kh2 a5 39. d5 Ne4 40. Rd4 f5 41. f3 Nd6 42. Rc6 Qa3 43. e4 fxe4 44. fxe4 Qe3 45. Rxd6 Qf4+ 46. g3 Qxd6 47. Kg2 Qe5 48. Rd2 Qxe4+ 49. Kf2 Qe7 50. d6 Qd7 51. Ke3 a4 52. Ke4 Kg6 53. Ke5 Qb5+ 54. Ke6 Qb3+ 55. Rd5 Qe3+ 56. Kd7 Qxg3 57. Ra5 Qxh3+ 58. Kd8 Qc3 59. Rxa4 Qc6 60. Rd4 Qb6+ 0-1


[Site "https://www.chess.com"]

[Event "Titled Tuesday Blitz August 31 2021"]
[White "Dolzhykova, Kateryna"]
[Black "Musovic, Armin"]
[WhiteFideId "14113414"]
[BlackFideId "939935"]
[WhiteElo "2180"]
[BlackElo "2250"]
[Result "1-0"]
[Round "11"]
[TimeControl "180+1"]
[Date "2021.08.31"]
[WhiteClock "0:00:09"]
[BlackClock "0:00:01"]

1. d4 d5 2. Nf3 c5 3. dxc5 Nc6 4. e4 e6 5. exd5 exd5 6. Be3 Nf6 7. Nc3 Bg4 8. h3 Bh5 9. g4 Bg6 10. Bb5 Rc8 11. g5 Ne4 12. Nxd5 Qa5+ 13. Nd2 Qxb5 14. Qg4 Ne7 15. Qxc8+ Nxc8 16. Nc7+ Kd8 17. Nxb5 Nxd2 18. Kxd2 a6 19. Nc3 Ne7 20. Rad1 Kc8 21. Kc1 Nf5 22. b4 Nxe3 23. fxe3 Be7 24. h4 Bh5 25. Rd2 Re8 26. Nd5 Bd8 27. Re1 Re4 28. Rd4 Re5 29. Nf4 Bf3 30. Nd3 Re8 31. Rf4 Bh5 32. Kd2 Bc7 33. Rd4 Bb8 34. Rf1 Bg3 35. Nf4 Bg4 36. Nd5 Be6 37. Nf4 Bxa2 38. c4 a5 39. bxa5 Bb3 40. Ra1 Rd8 41. Rxd8+ Kxd8 42. Kc3 f6 43. Kxb3 fxg5 44. Ne6+ Kd7 45. Nxg5 Bxh4 46. Nf3 Bf6 47. Rh1 h6 48. Kb4 Kc6 49. Nd4+ Kd7 50. Kb5 Kc7 51. c6 bxc6+ 52. Nxc6 Kb7 53. a6+ Ka8 54. Rd1 h5 55. Rd6 Be5 56. Re6 Bb8 57. Re8 1-0


[Site "https://www.chess.com"]

[Event "Titled Tuesday Blitz August 31 2021"]
[White "Dzhaparov, Medet"]
[Black "Wagner, Dinara"]
[WhiteFideId "13803689"]
[BlackFideId "24157570"]
[WhiteElo "1702"]
[BlackElo "2260"]
[Result "1-0"]
[Round "11"]
[TimeControl "180+1"]
[Date "2021.08.31"]
[WhiteClock "0:01:03"]
[BlackClock "0:00:10"]

1. d4 Nf6 2. c4 e6 3. Nc3 Bb4 4. Qc2 O-O 5. a3 Bxc3+ 6. Qxc3 d5 7. Bg5 h6 8. Bh4 dxc4 9. Qxc4 b6 10. Nf3 Ba6 11. Qa4 c5 12. dxc5 bxc5 13. e3 Bxf1 14. Rxf1 g5 15. Bg3 Qb6 16. Rd1 Qxb2 17. Be5 Qb6 18. Bxf6 Nc6 19. Qg4 Qa5+ 20. Nd2 c4 21. Qxc4 Rac8 22. h4 Qf5 23. Ba1 Ne5 24. Qe4 Nd3+ 25. Ke2 Rfd8 26. Qxf5 exf5 27. hxg5 hxg5 28. Rh1 f6 29. Bxf6 Re8 30. Kxd3 Kf7 31. Bxg5 Rb8 32. Ke2 Rg8 33. Bf4 Rxg2 34. Bxb8 1-0


[Site "https://www.chess.com"]

[Event "Titled Tuesday Blitz August 31 2021"]
[White "Espinosa, Pedro"]
[Black "Viani Antonio Dcunha"]
[WhiteFideId "30921066"]
[BlackFideId "5027330"]
[WhiteElo "1673"]
[BlackElo "2366"]
[Result "0-1"]
[Round "11"]
[TimeControl "180+1"]
[Date "2021.08.31"]
[WhiteClock "0:01:41"]
[BlackClock "0:01:33"]

1. e4 e5 2. Nf3 Nc6 3. Bc4 Nf6 4. Ng5 d5 5. exd5 Na5 6. Bb5+ c6 7. dxc6 bxc6 8. Bd3 Nd5 9. Nf3 Bd6 10. O-O Nf4 11. Be2 e4 12. Nd4 Nxg2 13. Kxg2 Qg5+ 14. Kh1 Qf4 15. Nf3 exf3 16. Bxf3 Qxh2# 0-1


[Site "https://www.chess.com"]

[Event "Titled Tuesday Blitz August 31 2021"]
[White "FGHSMN"]
[Black "Ljukin, Sergei"]
[BlackFideId "14102200"]
[WhiteElo "2654"]
[BlackElo "2309"]
[Result "1/2-1/2"]
[Round "11"]
[TimeControl "180+1"]
[Date "2021.08.31"]
[WhiteClock "0:00:13"]
[BlackClock "0:00:04"]

1. b3 e5 2. Bb2 Nc6 3. c4 Nf6 4. e3 d5 5. cxd5 Nxd5 6. a3 Be6 7. Qc2 Qd7 8. Nf3 f6 9. d3 O-O-O 10. Nbd2 g5 11. Ne4 g4 12. Nfd2 f5 13. Nc5 Bxc5 14. Qxc5 h5 15. Nc4 Qg7 16. b4 a6 17. Rc1 Nde7 18. Nxe5 Rd5 19. Nxc6 Rxc5 20. Na7+ Kb8 21. Bxg7 Rxc1+ 22. Kd2 Rg8 23. Bd4 Rb1 24. Kc2 Rb3 25. h3 g3 26. fxg3 Rxa3 27. g4 fxg4 28. hxg4 Bxg4 29. Kb2 Ra4 30. Kb3 b5 31. Bc5 Be6+ 32. Kb2 Nd5 33. Rxh5 Nxb4 34. Rh6 Bd5 35. e4 Bb7 36. Kb3 a5 37. Nxb5 Ra1 38. Nc3 Rxf1 39. d4 Rxg2 40. d5 Rg3 41. d6 cxd6 42. Bxd6+ Ka7 43. Bxg3 Rf3 44. Be5 Bxe4 45. Bd4+ Kb7 46. Rb6+ Kc7 47. Rb5 Nc6 48. Bb6+ Kd6 49. Bc5+ Kc7 50. Bb6+ Kb7 51. Bxa5+ Ka6 52. Ka4 Nd4 53. Nxe4 Nxb5 54. Nc5+ Ka7 55. Kxb5 Rf5 56. Bb6+ Ka8 57. Kc6 Rxc5+ 58. Kxc5 1/2-1/2


[Site "https://www.chess.com"]

[Event "Titled Tuesday Blitz August 31 2021"]
[White "Fier, Alexandr"]
[Black "Csonka, Balazs"]
[WhiteFideId "2107139"]
[BlackFideId "742910"]
[WhiteElo "2569"]
[BlackElo "2404"]
[Result "1-0"]
[Round "11"]
[TimeControl "180+1"]
[Date "2021.08.31"]
[WhiteClock "0:01:41"]
[BlackClock "0:00:02"]

1. d4 d5 2. c4 e6 3. Nc3 a6 4. c5 b6 5. cxb6 cxb6 6. Bf4 Bd6 7. Bxd6 Qxd6 8. e3 Ne7 9. Bd3 Bb7 10. f4 Nd7 11. Nf3 O-O 12. O-O Nf6 13. Ne5 Ne4 14. Nxe4 dxe4 15. Bc4 f6 16. Ng4 Bd5 17. Bb3 Rac8 18. Nf2 f5 19. Qd2 Bxb3 20. axb3 a5 21. Rfc1 Nd5 22. Nd1 Qb4 23. Qxb4 Nxb4 24. Kf1 Kf7 25. Ke2 Ke7 26. Kd2 Kd7 27. Rc3 Nd5 28. Rc4 Rc7 29. g4 Rfc8 30. gxf5 exf5 31. Rac1 b5 32. Rxc7+ Rxc7 33. Ra1 Ra7 34. Nf2 a4 35. Nh3 Nb4 36. Ng5 Rc7 37. bxa4 Rc2+ 38. Kd1 Rxh2 39. Ra3 bxa4 40. Rxa4 Nd3 41. Ra7+ Kc6 42. Rxg7 Nxb2+ 43. Ke1 Nc4 44. Nf7 Nxe3 45. Ne5+ Kb5 46. Rc7 Ng2+ 47. Kf2 1-0


[Site "https://www.chess.com"]

[Event "Titled Tuesday Blitz August 31 2021"]
[White "Filippova, Margarita"]
[Black "Jakubowski, Krzysztof"]
[WhiteFideId "34199680"]
[BlackFideId "1112848"]
[WhiteElo "1829"]
[BlackElo "2414"]
[Result "0-1"]
[Round "11"]
[TimeControl "180+1"]
[Date "2021.08.31"]
[WhiteClock "0:01:24"]
[BlackClock "0:01:43"]

1. Nf3 Nf6 2. d4 e6 3. c4 Bb4+ 4. Nc3 b6 5. Bg5 h6 6. Bh4 Bb7 7. e3 g5 8. Bg3 Ne4 9. Be5 f6 10. Bg3 Nxc3 11. bxc3 Bxf3 12. Qb3 Bxc3+ 13. Qxc3 Bb7 14. Rd1 Qe7 15. Bd3 f5 16. Be5 Rg8 17. h3 d6 18. Bg3 Bxg2 19. Rh2 Bf3 20. Rc1 Nd7 21. Bc2 Qf6 22. Qd2 e5 23. dxe5 dxe5 24. Ba4 O-O-O 25. h4 Nc5 26. Qc2 Nd3+ 27. Kf1 Nxc1 28. Qxc1 f4 29. exf4 gxf4 30. Qc3 fxg3 0-1


[Site "https://www.chess.com"]

[Event "Titled Tuesday Blitz August 31 2021"]
[White "Florescu, Codrut-Constantin"]
[Black "Dudzinski, Pawel"]
[WhiteFideId "1202200"]
[BlackFideId "1117890"]
[WhiteElo "2243"]
[BlackElo "2193"]
[Result "1-0"]
[Round "11"]
[TimeControl "180+1"]
[Date "2021.08.31"]
[WhiteClock "0:01:17"]
[BlackClock "0:00:01"]

1. d4 d5 2. c4 e6 3. Nf3 Nf6 4. Nc3 Be7 5. Bg5 h6 6. Bxf6 Bxf6 7. e3 O-O 8. Qc2 b6 9. cxd5 exd5 10. Bd3 Be6 11. O-O Nd7 12. e4 dxe4 13. Nxe4 c5 14. Nxf6+ Qxf6 15. Be4 Rad8 16. d5 Bg4 17. h3 Bxf3 18. Bxf3 Qd6 19. Rfe1 Rfe8 20. Qa4 a5 21. Qc6 Nf6 22. Rxe8+ Nxe8 23. Re1 Nf6 24. a4 g6 25. Qb7 Kg7 26. Re7 Rd7 27. Rxd7 Nxd7 28. Qc6 Qe7 29. Kf1 c4 30. d6 Qe6 31. Bg4 f5 32. Be2 Ne5 33. Qxb6 Kf6 34. Qd8+ Kf7 35. Qc7+ Kf6 36. f4 Nd3 37. d7 1-0


[Site "https://www.chess.com"]

[Event "Titled Tuesday Blitz August 31 2021"]
[White "Franca, Willian Bento"]
[Black "Kretov, Evgenij"]
[WhiteFideId "2158850"]
[BlackFideId "4167821"]
[WhiteElo "2122"]
[BlackElo "2400"]
[Result "1-0"]
[Round "11"]
[TimeControl "180+1"]
[Date "2021.08.31"]
[WhiteClock "0:01:02"]
[BlackClock "0:01:44"]

1. c4 Nf6 2. g3 c5 3. Bg2 d5 4. cxd5 Nxd5 5. Qc2 e5 6. Nf3 Nc6 7. O-O Be7 8. Nc3 Be6 9. d3 f6 10. Ne4 b6 11. a3 Rc8 12. Bd2 O-O 13. Rfc1 Qd7 14. Rab1 Nd4 15. Qd1 a5 16. Nxd4 cxd4 17. Rxc8 Rxc8 18. Rc1 h6 19. Be1 f5 20. Nd2 Kf7 21. Nc4 Qc7 22. Bxd5 Bxd5 23. Nxe5+ Qxe5 24. Rxc8 f4 25. Bd2 f3 26. exf3 Qf5 27. Rc7 Kf8 28. Bf4 g5 29. Qe2 Qf7 30. Bd6 1-0


[Site "https://www.chess.com"]

[Event "Titled Tuesday Blitz August 31 2021"]
[White "Gallegos Diaz, Carlos Alberto"]
[Black "Kozak, Antoni"]
[WhiteFideId "3900886"]
[BlackFideId "21832030"]
[WhiteElo "2362"]
[BlackElo "2289"]
[Result "0-1"]
[Round "11"]
[TimeControl "180+1"]
[Date "2021.08.31"]
[WhiteClock "0:00:01"]
[BlackClock "0:00:04"]

1. e4 c5 2. d3 Nc6 3. Nd2 g6 4. Ngf3 Bg7 5. Be2 e6 6. O-O Nge7 7. c3 O-O 8. Re1 b5 9. Nb3 d6 10. d4 cxd4 11. cxd4 a6 12. Bg5 h6 13. Be3 Bb7 14. Qd2 Kh7 15. Rac1 Rc8 16. d5 exd5 17. exd5 Ne5 18. Nxe5 dxe5 19. d6 Rxc1 20. Rxc1 Nf5 21. Bc5 Qd7 22. Bg4 h5 23. Bh3 Bh6 24. Be3 Bxe3 25. Qxe3 Qxd6 26. Bxf5 gxf5 27. Qh3 Qg6 28. Rc7 Rd8 29. f3 Qb6+ 30. Rc5 Qg6 31. Rxe5 Rd1+ 32. Kf2 Rb1 33. Qxf5 Rxb2+ 34. Ke3 Rxg2 35. Qxh5+ Kg7 36. Qxg6+ Kxg6 37. Re7 Bd5 38. Nc5 Rxa2 39. h4 Bc4 40. Kf4 Re2 41. Ne4 Kg7 42. h5 a5 43. Ra7 a4 44. Nd6 Rh2 45. Nf5+ Kf6 46. Ra6+ Be6 47. h6 Rh5 48. Ng3 Rxh6 49. Ne4+ Kg7 50. Nc3 Rh4+ 51. Kg3 Rb4 52. Ra5 Bc4 53. Ne4 Rb3 54. Kf4 a3 55. Ke5 a2 56. Rxa2 Rxf3 57. Rg2+ Kf8 58. Nd6 Be6 59. Kd4 b4 60. Kc5 b3 0-1


[Site "https://www.chess.com"]

[Event "Titled Tuesday Blitz August 31 2021"]
[White "Gelman, Alexander"]
[Black "Zong, Davis"]
[WhiteFideId "4118316"]
[BlackFideId "30903955"]
[WhiteElo "2375"]
[BlackElo "2400"]
[Result "1-0"]
[Round "11"]
[TimeControl "180+1"]
[Date "2021.08.31"]
[WhiteClock "0:00:02"]
[BlackClock "0:00:07"]

1. d4 d5 2. Nc3 Nf6 3. Bf4 c6 4. f3 Bf5 5. g4 Bg6 6. h4 h5 7. g5 Nfd7 8. e4 e5 9. dxe5 dxe4 10. fxe4 Bb4 11. Ne2 Bxe4 12. Rh3 Qe7 13. a3 Bxc3+ 14. Nxc3 Bf5 15. Re3 Nc5 16. Qd6 Ne6 17. Bg3 Na6 18. O-O-O Rd8 19. Bxa6 Rxd6 20. exd6 Qd7 21. Bc4 O-O 22. Rf1 Bg6 23. Rfe1 Bf5 24. Re5 g6 25. Ne2 b5 26. Bb3 Rd8 27. Rd1 a5 28. Re3 a4 29. Ba2 c5 30. Bd5 b4 31. Be5 bxa3 32. bxa3 Rb8 33. Nc3 Nd4 34. Bc4 Nxc2 35. Re2 Nxa3 36. Nd5 Rb1+ 37. Kd2 Rxd1+ 38. Kxd1 Nxc4 39. Nf6+ Kf8 40. Nxd7+ Bxd7 41. Bf6 a3 42. Re7 a2 43. Rxd7 Ne3+ 44. Ke2 a1=Q 45. Rd8# 1-0


[Site "https://www.chess.com"]

[Event "Titled Tuesday Blitz August 31 2021"]
[White "Girinath, P.D.S."]
[Black "Isajevsky, Anton"]
[WhiteFideId "5000572"]
[BlackFideId "4142500"]
[WhiteElo "2333"]
[BlackElo "2510"]
[Result "1-0"]
[Round "11"]
[TimeControl "180+1"]
[Date "2021.08.31"]
[WhiteClock "0:00:05"]
[BlackClock "0:00:03"]

1. e4 c5 2. Nf3 Qb6 3. c3 Nf6 4. Bd3 Nc6 5. Bc2 d6 6. h3 g6 7. d4 Bg7 8. d5 Nb8 9. O-O O-O 10. c4 e6 11. Nc3 exd5 12. exd5 Na6 13. Re1 Bd7 14. a3 Rae8 15. Rb1 Rxe1+ 16. Qxe1 Re8 17. Qd1 Re7 18. Be3 Qd8 19. Qd2 Qf8 20. b4 b6 21. b5 Nb8 22. Bf4 Re8 23. Re1 Nh5 24. Rxe8 Bxe8 25. Be3 Qe7 26. g4 Nf6 27. Bg5 Qf8 28. a4 Nbd7 29. Qe3 h6 30. Bf4 Nh7 31. Ne4 Ne5 32. Nxd6 Qxd6 33. Bxe5 Qe7 34. d6 Qd7 35. Bxg7 Kxg7 36. Qf4 Qe6 37. Be4 Bd7 38. Bd5 Qf6 39. Qe5 Ng5 40. Qxf6+ Kxf6 41. Kg2 Nxf3 42. Kxf3 Ke5 43. Bxf7 g5 44. Ke3 Kxd6 45. f4 gxf4+ 46. Kxf4 Ke7 47. Bd5 Kf6 48. h4 Be8 49. g5+ hxg5+ 50. hxg5+ Ke7 51. Ke5 Bh5 52. Kf5 Bd1 53. g6 Bc2+ 54. Kg5 Kf8 55. Kf6 1-0


[Site "https://www.chess.com"]